Cogmind - Beta 15 @@@ ROGUE MODE // 2025.05.27 @ 19:50:03 Player: OctagonalPrism Result: Destroyed by P-70 Sage with Tesla Rifle Performance ------------- Evolutions (5) 2500 Regions Visited (12) 2400 Robots Destroyed (147) 735 Value Destroyed (4912) 4912 Prototype IDs (22) 440 Alien Tech Used (0) 0 Bonus (1080) 1080 TOTAL SCORE: 12067 Bonus ------- High Alert Combat Kills 53 Follower Combat Kills 376 Registered with UFD 300 Met Optimus in HQ 500 Friendly Fire -149 Cogmind --------- Core Integrity 0/1000 Matter 206/300 Energy 48/100 System Corruption 0% Temperature Cool (15) Movement Hovering (65) Location -5/Factory Parts ------- > --- POWER (1) -------- (None) > --- PROPULSION (3) --- Gyrokinetic Inverter Gyrokinetic Inverter Combat Gravmag System > --- UTILITY (10) ----- Advanced Signal Interpreter Improved Terrain Scan Processor Advanced Terrain Scan Processor Hacking Suite Hacking Suite Hacking Suite Improved Hacking Suite Improved Corruption Screen > --- WEAPON (3) ------- Heavy Pick > --- INVENTORY (5) ---- Advanced Heat Sink Energy Well (350) Large Matter Pod (150) Improved Dynamic Insulation System CPS Tube (2) Peak State ------------ > --- POWER ------------ Light Nuclear Core > --- PROPULSION ------- Gyrokinetic Inverter Gyrokinetic Inverter Gyrokinetic Inverter > --- UTILITY ---------- Advanced Signal Interpreter Improved Terrain Scan Processor Advanced Terrain Scan Processor Improved Targeting Computer Hacking Suite Hacking Suite Hacking Suite Improved Hacking Suite Authchip [Device] Improved Corruption Screen > --- WEAPON ----------- Improved KE Penetrator Hypervelocity Gauss Cannon Heavy Pick > --- INVENTORY -------- Advanced Heat Sink Energy Well Large Matter Pod Improved Dynamic Insulation System CPS Tube [Rating: 79] Favorites ----------- Power Deuterium Engine Engine Deuterium Engine Power Core Light Nuclear Core Reactor Light Antimatter Reactor Propulsion Compact Wheel Treads Armored Treads Wheel Compact Wheel Hover Unit Gravmag Array Utility Hacking Suite Device Improved Sensor Array Storage Large Storage Unit Processor Improved Targeting Computer Hackware Hacking Suite Protection Hardened Heavy Armor Plating Weapon Plasma Cannon Energy Gun Pulse Rifle Energy Cannon Plasma Cannon Ballistic Gun Hypervelocity Gauss Rifle Ballistic Cannon Hypervelocity Gauss Cannon Launcher Advanced EMP Blaster Impact Weapon Shock Maul Slashing Weapon Katana Piercing Weapon Makeshift Spear Build | -11 -10 -10 -10 -9 -8 -8 -8 -8 -6 -6 -6 -5 ------- Run | Yrd Mat Min Exi Min Mat Sto Rec Scr Fac Low Low Fac Slots Evolved 10 | . . . . . 4 . . . 4 . . 2 Power . | . . . . . . . . . . . . . Propulsion 1 | . . . . . . . . . . . . 1 Utility 8 | . . . . . 4 . . . 3 . . 1 Weapon 1 | . . . . . . . . . 1 . . . Parts Attached 135 | 6 15 3 1 2 29 9 2 4 23 2 6 33 Power 23 | 1 2 1 . . 9 2 . . 3 . 2 3 Engine 13 | 1 1 . . . 7 2 . . 2 . . . Core 9 | . 1 1 . . 2 . . . 1 . 1 3 Reactor 1 | . . . . . . . . . . . 1 . Propulsion 25 | 2 4 . . 2 3 2 . . 2 1 . 9 Treads 4 | . 1 . . . 1 . . . 1 . . 1 Leg . | . . . . . . . . . . . . . Wheel 12 | 2 3 . . 2 2 2 . . 1 . . . Hover 9 | . . . . . . . . . . 1 . 8 Flight . | . . . . . . . . . . . . . Utility 54 | 1 5 1 1 . 13 2 1 2 13 . 1 14 Device 26 | . 4 1 . . 7 . 1 1 6 . . 6 Storage 6 | 1 1 . 1 . 1 2 . . . . . . Processor 10 | . . . . . 2 . . 1 4 . 1 2 Hackware 9 | . . . . . 1 . . . 2 . . 6 Protection 3 | . . . . . 2 . . . 1 . . . Artifact . | . . . . . . . . . . . . . Weapon 33 | 2 4 1 . . 4 3 1 2 5 1 3 7 Energy Gun 14 | 2 3 1 . . 1 1 1 1 1 . 1 2 Energy Cannon 5 | . . . . . 1 . . 1 2 1 . . Ballistic Gun 6 | . . . . . 1 . . . 2 . 1 2 Ballistic Cannon 1 | . . . . . . . . . . . . 1 Launcher 2 | . . . . . 1 1 . . . . . . Special Weapon . | . . . . . . . . . . . . . Impact Weapon 1 | . . . . . . 1 . . . . . . Slashing Weapon 2 | . 1 . . . . . . . . . . 1 Piercing Weapon 2 | . . . . . . . . . . . 1 1 Special Melee Weapon . | . . . . . . . . . . . . . Unidentified Prototypes 6 | . . . . . . 3 . . 1 . . 2 Parts Lost 67 | . 5 . . . 12 1 1 . 19 2 2 25 Power 14 | . 2 . . . 5 . . . 3 1 . 3 Propulsion 12 | . 1 . . . 1 1 . . 4 . 1 4 Utility 23 | . 1 . . . 5 . . . 6 . . 11 Weapon 18 | . 1 . . . 1 . 1 . 6 1 1 7 Highest Loss Streak 12 | . 2 . . . 5 1 1 . 12 2 4 10 To Critical Strikes . | . . . . . . . . . . . . . Average Backups 9 | 2 7 9 10 10 9 8 10 11 9 8 9 8 Power . | . 1 1 1 1 . . 1 1 . 1 . . Propulsion 1 | 1 2 2 2 2 1 1 1 1 . 2 1 . Utility 4 | . 3 5 5 5 3 4 5 5 4 4 4 4 Weapon 2 | . 1 1 2 2 3 3 3 3 2 . 1 1 Tool/Special . | . . . . . . . . . . . . . Unused Backups 15 | . 3 . . . 3 2 . . . . . 7 Power 5 | . 2 . . . 2 . . . . . . 1 Propulsion 1 | . . . . . 1 . . . . . . . Utility 6 | . 1 . . . . . . . . . . 5 Weapon 2 | . . . . . . 2 . . . . . . Tool/Special 1 | . . . . . . . . . . . . 1 Average Slot Usage (%) 88 | . 98 100 100 100 95 88 89 89 84 81 70 79 Engine 6 | . 11 11 . . 7 9 9 9 4 . . . Core 2 | . 1 2 14 14 1 . . . 1 6 . 3 Wheel 14 | . 27 28 28 28 17 16 18 18 7 6 . . Hover 1 | . . . . . . . . . . . 5 7 Device 13 | . 13 14 14 14 21 9 9 9 15 20 15 9 Storage 8 | . 14 14 14 14 9 9 9 9 6 6 6 2 Processor 9 | . . . . . 3 9 9 9 13 20 20 22 Hackware 7 | . . . . . 8 9 9 9 10 . . 13 Protection 4 | . . . . . 7 8 9 9 3 6 6 . Energy Gun 10 | . 27 17 28 28 10 6 8 8 4 6 . 2 Energy Cannon 3 | . . . . . 5 7 9 9 4 1 . . Ballistic Gun 1 | . . . . . 1 . . . 1 . 5 3 Peak Build Rating 79 | 6 12 12 12 13 31 33 32 36 57 50 62 79 Average Rating 34 | 5 8 10 12 12 26 31 31 33 46 43 47 62 On Entrance 24 | . 6 8 12 12 13 30 32 31 36 42 35 62 Naked Turns . | . . . . . . . . . . . . . Heaviest Build 64 | 12 20 21 21 21 41 63 60 60 64 50 50 55 Greatest Support 40 | 32 32 26 26 28 28 28 28 28 40 10 20 36 Greatest Overweight (x) 10 | . 1 . . . 3 3 2 2 10 4 2 2 Average Overweight (x) 1 | . . . . . . 1 2 2 2 3 2 . Largest Inventory Capacity 15 | 8 10 10 10 10 10 15 15 15 15 15 15 15 Average Capacity 12 | 7 9 10 10 10 10 10 15 15 15 15 15 10 Most Carried 14 | 5 10 10 10 10 10 11 10 13 13 11 12 14 Average Carried 9 | 3 7 9 10 10 9 8 10 11 9 9 9 8 Final Capacity 15 | 8 10 10 10 10 10 15 15 15 15 15 15 5 Final Carried 13 | 5 10 10 10 10 9 10 10 13 9 11 9 5 Class Distribution -------------------- 45% | Mutant 23% | Scavenger-Mutant 9% | Hacker-Mutant 8% | Hacker-Assassin 4% | Scavenger-Skirmisher 3% | Scavenger-Assassin Dominant Class ---------------- Mutant | -10/Materials Mutant | -10/Mines Mutant | -10/Exiles Mutant | -9/Mines Mutant | -8/Materials Scavenger-Mutant | -8/Storage Scavenger-Mutant | -8/Recycling Mutant | -8/Scraptown Hacker-Assassin | -6/Factory Scavenger-Skirmisher | -6/Lower Caves Mutant | -6/Lower Caves Hacker-Mutant | -5/Factory Resources | -11 -10 -10 -10 -9 -8 -8 -8 -8 -6 -6 -6 -5 ----------- Run | Yrd Mat Min Exi Min Mat Sto Rec Scr Fac Low Low Fac Matter Collected 2544 | 335 321 54 . 60 430 319 70 50 314 90 121 380 Remotely . | . . . . . . . . . . . . . Salvage Created 6312 | 207 963 88 . 50 1270 1189 332 . 1094 27 150 942 Parts 305 | 13 55 5 . 7 68 39 18 . 48 1 8 43 Haulers Intercepted 3 | . 1 . . . 2 . . . . . . . Recyclers Shooed 12 | 1 1 . . . 7 1 . . 2 . . . Parts Field Recycled . | . . . . . . . . . . . . . Retrieved Matter . | . . . . . . . . . . . . . Parts Self-Destructed 6 | . . . . . . . . . . . 6 . Prevented . | . . . . . . . . . . . . . Kills | -11 -10 -10 -10 -9 -8 -8 -8 -8 -6 -6 -6 -5 ------- Run | Yrd Mat Min Exi Min Mat Sto Rec Scr Fac Low Low Fac Combat Hostiles Destroyed 106 | . 21 2 . 3 23 17 5 . 16 . 2 17 Melee 5 | . . . . . . . . . 1 . . 4 Guns 59 | . 19 2 . 3 12 2 1 . 5 . 2 13 Cannons 20 | . . . . . 8 2 4 . 6 . . . AOE 15 | . . . . . 2 12 . . 1 . . . Classes Destroyed 16 | 3 7 . . . 4 . 1 . . . . 1 Worker 7 | 2 3 . . . 1 . . . 1 . . . Builder 6 | . 1 . . . 1 1 . . 3 . . . Tunneler 4 | 4 . . . . . . . . . . . . Hauler 3 | . 1 . . . 2 . . . . . . . Recycler 6 | 1 . . . . 3 2 . . . . . . Mechanic 2 | . 1 . . . . 1 . . . . . . Operator 5 | . 1 . . . 1 . . . . . . 3 Drone 1 | . . . . . . . . . . . . 1 Watcher 8 | . 3 . . . 2 1 . . 2 . . . Swarmer 20 | . 6 . . 3 4 1 . . 2 . . 4 Grunt 58 | . 15 2 . . 11 12 . . 5 . 2 11 Duelist 2 | . . . . . 1 1 . . . . . . Sentry 18 | . . . . . 4 3 4 . 6 . . 1 Hunter 4 | . . . . . 2 . . . 2 . . . Programmer 2 | . . . . . . . 1 . 1 . . . Heavy 1 | . . . . . 1 . . . . . . . Decomposer 1 | . . . . . . . . . . 1 . . Thug 1 | . . . . . . 1 . . . . . . Best Kill Streak 10 | 6 7 2 . 3 5 10 2 . 4 . 2 4 Combat Bots Only 7 | . 4 2 . 3 3 7 2 . 4 . 2 4 Max Kills in Single Turn 3 | 1 2 1 . 1 1 3 1 . 1 1 1 2 Gunslinging 1 | . 1 . . . . . . . . . . . Exploded 3 | . . . . . 1 3 . . 1 . . . Melee 1 | . . . . . . . . . 1 . . 1 Uniques/NPCs Destroyed . | . . . . . . . . . . . . . Combat | -11 -10 -10 -10 -9 -8 -8 -8 -8 -6 -6 -6 -5 -------- Run | Yrd Mat Min Exi Min Mat Sto Rec Scr Fac Low Low Fac Hostile Shots Fired 938 | . 85 6 . 9 124 64 12 . 367 3 19 249 Missed 290 | . 25 2 . 2 27 24 4 . 111 . 4 91 Hits 648 | . 60 4 . 7 97 40 8 . 256 3 15 158 Melee 1 | . . . . . 1 . . . . . . . Projectile 647 | . 60 4 . 7 96 40 8 . 256 3 15 158 AOE 7 | . . . . . . . . . . . . 7 Critical Strikes 24 | . 1 . . . 8 1 2 . 9 1 1 1 Damage Taken 10400 | . 654 43 . 53 1658 637 156 . 3543 84 286 3286 Core 2148 | . 115 10 . 6 293 86 . . 563 . 74 1001 Absorbed by Shields 88 | . . . . . . . . . . . . 88 Regen/Repaired (Parts) 1049 | . 32 . . . 244 463 . 310 . . . . Core Remaining (%) 50 | 100 . . . 47 . . . 31 . . 25 . Volleys Fired 376 | 11 95 4 . 3 86 35 16 . 68 3 7 48 Largest 2 | 2 2 2 . 2 2 2 2 . 2 1 2 2 Hottest 153 | 80 100 113 . 113 143 143 143 . 153 75 108 118 Shots Fired 660 | 22 188 8 . 6 164 40 24 . 105 3 11 89 Gun 524 | 22 188 8 . 6 118 10 10 . 61 3 11 87 Cannon 111 | . . . . . 41 14 14 . 40 . . 2 Launcher 25 | . . . . . 5 16 . . 4 . . . Special . | . . . . . . . . . . . . . Kinetic 89 | . . . . . 15 . . . 20 . 7 47 Thermal 537 | 22 188 8 . 6 135 24 24 . 81 3 4 42 Explosive 5 | . . . . . 5 . . . . . . . Electromagnetic 29 | . . . . . 9 16 . . 4 . . . Robot Hit Streak 20 | 11 18 4 . 5 20 14 14 . 14 1 7 19 Robot Miss Streak 3 | 2 3 1 . 2 3 2 1 . 3 2 1 2 Penetration Max 1 | . . . . . . . . . . . 1 1 Secondary Targets 6 | . 1 1 . 1 3 . . . . . . . Max Gunslinging Chain 1 | . 1 1 . 1 1 . . . . . . . Shots Hit Robots 493 | 14 128 5 . 3 121 20 18 . 91 1 10 82 Core Hits 247 | 8 51 2 . 3 63 32 7 . 36 1 4 40 Critical Kills 5 | . . . . . . . . . . . 2 3 Critical Parts Destroyed 12 | . . . . . . . . . 2 . 3 7 Critical Strikes 34 | . 9 . . . 5 . . . 3 . 5 12 Burn 15 | . 9 . . . 5 . . . 1 . . . Destroy 16 | . . . . . . . . . . . 5 11 Smash 2 | . . . . . . . . . 2 . . . Impale 1 | . . . . . . . . . . . . 1 Melee Attacks 82 | . 1 . . . . 1 . . 16 . . 64 Impact 17 | . . . . . . 1 . . 16 . . . Slashing 14 | . 1 . . . . . . . . . . 13 Piercing 51 | . . . . . . . . . . . . 51 Sneak Attacks 6 | . . . . . . . . . 4 . . 2 Combat Hostiles 2 | . . . . . . . . . 1 . . 1 Follow-up Attacks 1 | . . . . . . . . . . . . 1 Damage Inflicted 11980 | 152 1601 73 . 59 2811 2090 420 . 2788 23 126 1837 Guns 6174 | 152 1601 73 . 59 1522 160 124 . 994 23 126 1340 Cannons 2120 | . . . . . 753 188 296 . 851 . . 32 Explosions 2519 | . . . . . 536 1742 . . 241 . . . Melee 1167 | . . . . . . . . . 702 . . 465 Ramming . | . . . . . . . . . . . . . Kinetic 1114 | . . . . . 150 . . . 363 . 58 543 Thermal 7233 | 152 1601 73 . 59 2065 461 420 . 1482 23 68 829 Explosive 446 | . . . . . 446 . . . . . . . Electromagnetic 2020 | . . . . . 150 1629 . . 241 . . . Impact 702 | . . . . . . . . . 702 . . . Slashing 100 | . . . . . . . . . . . . 100 Piercing 365 | . . . . . . . . . . . . 365 Highest Corruption 5 | . . . . . . 1 1 . 5 5 5 . Average Corruption 2 | . . . . . . 1 1 . 2 5 5 . Corruption Purged . | . . . . . . . . . . . . . Corruption Blocked 1 | . . . . . . . . . . . . 1 Effects 30 | . . . . . . 4 2 . 13 5 6 . Message Errors 6 | . . . . . . . . . 2 2 2 . Matter Fused 11 | . . . . . . 3 2 . 3 1 2 . Heat Flow Errors 2 | . . . . . . . . . . 1 1 . Energy Discharges 6 | . . . . . . 1 . . 3 1 1 . Parts Rejected 1 | . . . . . . . . . 1 . . . Data Loss (minor) 1 | . . . . . . . . . 1 . . . Misfires 1 | . . . . . . . . . 1 . . . Alerts 1 | . . . . . . . . . 1 . . . Weapon Failures 1 | . . . . . . . . . 1 . . . Overload Shots . | . . . . . . . . . . . . . Overflow Damage 201 | . . . . . 2 33 . . 159 . . 7 Projectiles 18 | . . . . . . 13 . . 5 . . . Explosions 22 | . . . . . 2 20 . . . . . . Melee 161 | . . . . . . . . . 154 . . 7 Knockbacks 2 | . . . . . . . . . 2 . . . Impact 2 | . . . . . . . . . 2 . . . Kinetic . | . . . . . . . . . . . . . Secondary . | . . . . . . . . . . . . . Self-Inflicted Damage 56 | . . . . . 13 43 . . . . . . Shots 3 | . . . . . 1 2 . . . . . . Rammed . | . . . . . . . . . . . . . Targets Rammed . | . . . . . . . . . . . . . Kicked . | . . . . . . . . . . . . . Crushed . | . . . . . . . . . . . . . Highest Temperature 341 | 70 135 108 . 81 156 310 271 . 156 170 341 50 Average Temperature 59 | 26 46 58 . 43 37 76 80 . 77 87 235 17 Received Heat Transfer 3088 | . 324 24 . . 630 225 90 . 852 12 139 792 Effects 4 | . . . . . . 1 3 . . . . . Interference 3 | . . . . . . . 3 . . . . . Damage (minor) 1 | . . . . . . 1 . . . . . . Siege Activations . | . . . . . . . . . . . . . Martial Activations . | . . . . . . . . . . . . . Shielding Activations . | . . . . . . . . . . . . . Robots Disrupted . | . . . . . . . . . . . . . Combat Hostiles . | . . . . . . . . . . . . . Robots Corrupted 5 | . . . . . . 2 . . 3 . . . Combat Hostiles 3 | . . . . . . 1 . . 2 . . . Parts Fried 14 | . . . . . . 9 . . 5 . . . Impact Corruptions 4 | . . . . . . . . . 4 . . . Robots Melted 4 | . 2 . . . 1 . . . 1 . . . Combat Hostiles 4 | . 2 . . . 1 . . . 1 . . . Parts Melted 34 | . 8 . . . 12 3 1 . 10 . . . Heat Transferred 16307 | 350 4792 185 . 148 4658 833 809 . 2855 50 150 1477 Parts Sabotaged . | . . . . . . . . . . . . . Parts Stolen . | . . . . . . . . . . . . . Parts Stripped . | . . . . . . . . . . . . . Power Chain Reactions 5 | . . . . . 1 4 . . . . . . Alert | -11 -10 -10 -10 -9 -8 -8 -8 -8 -6 -6 -6 -5 ------- Run | Yrd Mat Min Exi Min Mat Sto Rec Scr Fac Low Low Fac Maximum Alert Level 2 | . 1 . . . 1 2 1 . . . . 2 Low Security (%) 76 | 100 78 100 . 100 73 51 57 . 100 . . 69 Level 1 17 | . 21 . . . 26 17 42 . . . . 16 Level 2 5 | . . . . . . 30 . . . . . 14 Level 3 . | . . . . . . . . . . . . . Level 4 . | . . . . . . . . . . . . . Level 5 . | . . . . . . . . . . . . . High Security . | . . . . . . . . . . . . . Max Security . | . . . . . . . . . . . . . Peak Influence 501 | 10 261 56 . 70 265 501 251 . 111 . . 456 Initial 187 | . 3 34 . . 15 60 187 . . . . . Average 130 | 1 111 11 . 50 168 256 195 . 37 . . 153 Influence Increases 4668 | 35 792 56 . 70 943 732 339 . 513 . 80 1108 Destroy 0b10 Robot/C 2380 | . 420 40 . 60 620 440 120 . 320 . 40 320 Destroy 0b10 Robot/NC 220 | 35 50 . . . 50 25 10 . 30 . . 20 Destroy Leader 512 | . 98 10 . 10 178 82 . . 84 . 10 40 Allied During Kill 74 | . . 6 . . 33 33 2 . . . . . Successful Hack 140 | . 29 . . . 21 23 25 . 9 . . 33 Select Force Hacks 240 | . 60 . . . . . 180 . . . . . Disable Machine 240 | . 15 . . . 15 75 . . 60 . . 75 Destroy Structure 157 | . . . . . 26 39 2 . 10 . . 80 Partial Spotted 15 | . . . . . . . . . . . . 15 Lose Combat Pursuer 690 | . 120 . . . . 15 . . . . 30 525 Influence Decreases 4380 | 30 708 119 26 30 839 396 609 210 473 40 80 820 Entered New Map 710 | . 2 55 26 . 25 84 293 210 . 15 . . Time Decay 2571 | 30 506 64 . 30 504 302 286 . 316 25 80 428 Search Patrol Dispatched 150 | . . . . . . . . . . . . 150 Lost Part 589 | . 50 . . . 120 10 10 . 157 . . 242 Lost Ally 60 | . . . . . 40 . 20 . . . . . Purge Threat 300 | . 150 . . . 150 . . . . . . . Squads Dispatched 39 | . 5 1 . . 6 4 . . 9 . . 14 Investigation 18 | . 4 1 . . . 1 . . 3 . . 9 Extermination 6 | . . . . . . . . . 3 . . 3 Reinforcement 9 | . 1 . . . 5 1 . . 1 . . 1 Assault 2 | . . . . . . 2 . . . . . . Garrison 4 | . . . . . 1 . . . 2 . . 1 Intercept . | . . . . . . . . . . . . . Searches Triggered 1 | . . . . . . . . . . . . 1 Construction Impeded 1 | . . . . . 1 . . . . . . . Haulers Reinforced . | . . . . . . . . . . . . . Active Scanning Responses . | . . . . . . . . . . . . . Cargo Convoy Interrupts . | . . . . . . . . . . . . . Stealth | -11 -10 -10 -10 -9 -8 -8 -8 -8 -6 -6 -6 -5 --------- Run | Yrd Mat Min Exi Min Mat Sto Rec Scr Fac Low Low Fac Distress Signals 10 | . 1 . . . 4 1 . . 1 . . 3 Communications Jammed . | . . . . . . . . . . . . . Distress Signals . | . . . . . . . . . . . . . Times Spotted 212 | . 34 2 . 3 44 33 8 . 23 1 3 61 Peak Tracking Total 10 | . 5 2 . 3 5 9 3 . 5 1 3 10 Tactical Retreats 22 | . 5 . . . . 1 . . . . 2 14 Traps | -11 -10 -10 -10 -9 -8 -8 -8 -8 -6 -6 -6 -5 ------- Run | Yrd Mat Min Exi Min Mat Sto Rec Scr Fac Low Low Fac Traps Triggered 8 | . 1 . . . 2 2 . . 2 . . 1 Indirectly . | . . . . . . . . . . . . . Trap Hack Attempts . | . . . . . . . . . . . . . Triggered . | . . . . . . . . . . . . . Disarmed . | . . . . . . . . . . . . . Reprogrammed . | . . . . . . . . . . . . . Reused . | . . . . . . . . . . . . . Traps Extracted . | . . . . . . . . . . . . . Installed . | . . . . . . . . . . . . . Triggered . | . . . . . . . . . . . . . Machines | -11 -10 -10 -10 -9 -8 -8 -8 -8 -6 -6 -6 -5 ---------- Run | Yrd Mat Min Exi Min Mat Sto Rec Scr Fac Low Low Fac Machines Disabled 17 | . 2 . . . 1 5 . . 4 . . 5 Max in Single Turn 2 | . 1 . . . 1 1 . . 1 . . 2 Garrison Access 6 | . . . . . 1 1 . . 1 . . 3 Machines Repaired . | . . . . . . . . . . . . . Machines Dismantled . | . . . . . . . . . . . . . Machines Sabotaged . | . . . . . . . . . . . . . Overloaded Fab Kills . | . . . . . . . . . . . . . Hacking | -11 -10 -10 -10 -9 -8 -8 -8 -8 -6 -6 -6 -5 --------- Run | Yrd Mat Min Exi Min Mat Sto Rec Scr Fac Low Low Fac Machines Accessed 74 | . 10 1 4 . 10 8 11 4 7 1 . 18 Terminals 31 | . 7 . . . 6 5 4 . 2 . . 7 Fabricators 4 | . . . . . . . . . 1 . . 3 Repair Stations 3 | . 1 . . . 1 1 . . . . . . Recycling Units 18 | . 2 . . . 1 1 7 . 2 . . 5 Scanalyzers 2 | . . . . . 1 . . . 1 . . . Garrison Access 6 | . . . . . 1 1 . . 1 . . 3 Total Hacks 203 | . 30 1 4 . 28 19 34 25 14 1 . 47 Successful 159 | . 20 1 4 . 24 13 29 25 10 1 . 32 Failed 44 | . 10 . . . 4 6 5 . 4 . . 15 Catastrophic 3 | . . . . . 1 . . . . . . 2 Database Lockouts . | . . . . . . . . . . . . . Manual 82 | . 10 . . . 13 9 19 . 4 . . 27 Terminals 107 | . 24 . . . 15 14 19 . 5 . . 30 Fabricators 10 | . . . . . . . . . 3 . . 7 Repair Stations 10 | . 2 . . . 6 2 . . . . . . Recycling Units 34 | . 4 . . . 4 2 15 . 2 . . 7 Scanalyzers 5 | . . . . . 2 . . . 3 . . . Garrison Access 6 | . . . . . 1 1 . . 1 . . 3 Terminal Hacks 82 | . 12 1 4 . 7 6 11 25 2 1 . 13 Record 28 | . . . 4 . . . . 24 . . . . Robot Analysis 6 | . 2 . . . 1 . 2 . . . . 1 Prototype ID Bank 5 | . 3 . . . 1 . 1 . . . . . Open Door 4 | . . 1 . . . 2 . . . 1 . . Branch Access Points 1 | . . . . . 1 . . . . . . . Emergency Access Points 1 | . 1 . . . . . . . . . . . Terminal Index 4 | . . . . . 1 1 1 . . . . 1 Recycling Unit Index 2 | . . . . . . . 1 . . . . 1 Garrison Index 1 | . . . . . . . . . . . . 1 Alert Level 7 | . 1 . . . 1 1 2 . 1 . . 1 Unreport Threat 2 | . 1 . . . 1 . . . . . . . Locate Traps 4 | . 1 . . . . 1 . . . . . 2 Patrol Status 1 | . . . . . . . . . . . . 1 Transport Status 1 | . . . . . . . 1 . . . . . Extermination Status 1 | . . . . . . . . . . . . 1 Recall Extermination 1 | . . . . . . . . . . . . 1 Hauler Manifests 1 | . 1 . . . . . . . . . . . Registered Components 5 | . 1 . . . 1 . 1 . 1 . . 1 Zone Layout 6 | . 1 . . . . 1 2 . . . . 2 Proto ID Catalog 1 | . . . . . . . . 1 . . . . Fabricator Hacks 7 | . . . . . . . . . 1 . . 6 Network Status 4 | . . . . . . . . . 1 . . 3 Load Schematic 2 | . . . . . . . . . . . . 2 Build 1 | . . . . . . . . . . . . 1 Repair Station Hacks 10 | . 2 . . . 6 2 . . . . . . Scan Component 5 | . 1 . . . 3 1 . . . . . . Repair 5 | . 1 . . . 3 1 . . . . . . Recycling Unit Hacks 11 | . 1 . . . 2 1 7 . . . . . Report Inventory 9 | . 1 . . . 1 1 6 . . . . . Retrieve Components 2 | . . . . . 1 . 1 . . . . . Scanalyzer 4 | . . . . . 2 . . . 2 . . . Insert Component 2 | . . . . . 1 . . . 1 . . . Analyze 2 | . . . . . 1 . . . 1 . . . Garrison Access Hacks 6 | . . . . . 1 1 . . 1 . . 3 Seal Access 6 | . . . . . 1 1 . . 1 . . 3 Unauthorized Hacks 39 | . 5 . . . 6 3 11 . 4 . . 10 Terminals 17 | . 3 . . . 5 2 3 . . . . 4 Botnet 13 | . 2 . . . 4 1 3 . . . . 3 Operators 4 | . 1 . . . 1 1 . . . . . 1 Fabricators 3 | . . . . . . . . . 2 . . 1 Report 1 | . . . . . . . . . 1 . . . Haulers 1 | . . . . . . . . . 1 . . . Recompile 1 | . . . . . . . . . . . . 1 Repair Stations . | . . . . . . . . . . . . . Recycling Units 19 | . 2 . . . 1 1 8 . 2 . . 5 Reject 3 | . . . . . 1 1 1 . . . . . Recyclers 1 | . . . . . . . 1 . . . . . Tunnel 8 | . 2 . . . . . 6 . . . . . Fedlink 7 | . . . . . . . . . 2 . . 5 Scanalyzers . | . . . . . . . . . . . . . Garrison Access . | . . . . . . . . . . . . . Data Cores Recovered 2 | . . . . . . . . . . . . 2 Used 1 | . . . . . . . . . . . . 1 Hacking Detections 37 | . 7 . . . 6 5 5 . 3 . . 11 Full Trace Events 7 | . 3 . . . . . 1 . 1 . . 2 Feedback Events 1 | . . . . . . . . . 1 . . . Corruption 1 | . . . . . . . . . 1 . . . Feedback Blocked . | . . . . . . . . . . . . . Robot Schematics Acquired . | . . . . . . . . . . . . . Robots Built . | . . . . . . . . . . . . . Authchips . | . . . . . . . . . . . . . Time . | . . . . . . . . . . . . . Total Robot Build Rating . | . . . . . . . . . . . . . Part Schematics Acquired 2 | . . . . . 1 . . . 1 . . . Parts Built 2 | . . . . . . . . . . . . 2 Authchips 1 | . . . . . . . . . . . . 1 Time 73 | . . . . . . . . . . . . 73 Total Part Build Rating 6 | . . . . . . . . . . . . 6 Parts Repaired 5 | . 1 . . . 3 1 . . . . . . Time 178 | . 26 . . . 108 44 . . . . . . Parts Recycled . | . . . . . . . . . . . . . Recycled Matter . | . . . . . . . . . . . . . Retrieved Matter . | . . . . . . . . . . . . . Retrieved Components 11 | . . . . . 9 . 2 . . . . . Parts Scanalyzed 2 | . . . . . 1 . . . 1 . . . Part Schematics Acquired 2 | . . . . . 1 . . . 1 . . . Parts Damaged . | . . . . . . . . . . . . . Bothacking | -11 -10 -10 -10 -9 -8 -8 -8 -8 -6 -6 -6 -5 ------------ Run | Yrd Mat Min Exi Min Mat Sto Rec Scr Fac Low Low Fac Used RIF Installer . | . . . . . . . . . . . . . Robots Hacked . | . . . . . . . . . . . . . Non-combat . | . . . . . . . . . . . . . Combat . | . . . . . . . . . . . . . Robot Hacks Applied . | . . . . . . . . . . . . . Relay Couplers Released 3 | . . . . . . . . . . . . 3 Machine Destruction 3 | . . . . . . . . . . . . 3 Fabnet Peak Effective % . | . . . . . . . . . . . . . Robots Rewired . | . . . . . . . . . . . . . Allies Hacked . | . . . . . . . . . . . . . Hacks Repelled . | . . . . . . . . . . . . . Allies | -11 -10 -10 -10 -9 -8 -8 -8 -8 -6 -6 -6 -5 -------- Run | Yrd Mat Min Exi Min Mat Sto Rec Scr Fac Low Low Fac Total Allies 7 | . . 2 . 3 . 2 . . . . . . Largest Group 3 | . . 2 2 3 3 2 1 . . . . . Highest-Rated Group 62 | . . 45 45 40 40 62 31 . . . . . Highest-Rated Ally 31 | . . 31 31 16 16 31 31 . . . . . Total Orders . | . . . . . . . . . . . . . Ally Attacks 94 | . . 6 . . 48 36 4 . . . . . Total Damage 1197 | . . 84 . . 519 506 88 . . . . . Kills 16 | . . . . . 9 5 2 . . . . . Allies Corrupted . | . . . . . . . . . . . . . Allies Melted . | . . . . . . . . . . . . . Intel | -11 -10 -10 -10 -9 -8 -8 -8 -8 -6 -6 -6 -5 ------- Run | Yrd Mat Min Exi Min Mat Sto Rec Scr Fac Low Low Fac Active Infowar (turns) 6999 | . 11 304 405 56 994 531 341 1753 938 370 193 1103 Sensors 4377 | . 11 260 3 . 730 531 341 . 934 370 192 1005 Terrain 4378 | . . . . . 248 . . 1753 934 370 193 880 Structural 1248 | . . 44 402 56 746 . . . . . . . Robot Analysis Total 6 | . 2 . . . 1 . 2 . . . . 1 Derelict Logs Recovered 1 | . . 1 . . . . . . . . . . Drone Launches . | . . . . . . . . . . . . . Drone Recoveries . | . . . . . . . . . . . . . Exploration | -11 -10 -10 -10 -9 -8 -8 -8 -8 -6 -6 -6 -5 ------------- Run | Yrd Mat Min Exi Min Mat Sto Rec Scr Fac Low Low Fac Turns Passed 10729 | 158 1433 338 405 77 1405 660 635 1763 1349 370 297 1839 Spaces Moved 7577 | 108 980 332 448 67 783 391 463 1399 712 255 163 1476 Core 151 | 1 . . . . . . . . 2 . . 148 Treads 47 | . 4 . . . 10 . . . 32 . . 1 Legs . | . . . . . . . . . . . . . Wheels 5893 | 107 976 332 448 67 773 391 463 1399 678 255 4 . Hover 1486 | . . . . . . . . . . . 159 1327 Flight . | . . . . . . . . . . . . . Fastest Speed 46 | 50 90 90 90 85 85 110 125 125 125 110 110 46 Average Speed 110 | 99 98 90 90 91 108 114 125 125 137 139 158 88 Slowest Speed 550 | 100 160 90 90 95 250 145 125 125 550 140 160 160 Overloaded Moves . | . . . . . . . . . . . . . Propulsion Burnouts . | . . . . . . . . . . . . . Robots Hopped . | . . . . . . . . . . . . . Potential Cave-ins . | . . . . . . . . . . . . . Cave-ins Triggered . | . . . . . . . . . . . . . Exploration Rate (%) 59 | 5 98 89 92 20 76 64 98 88 20 52 27 50 Regions Visited 12 Branch Regions 8 Pre-discovered Areas 14 | . 2 1 . . . . 6 4 1 . . . Known Exits Taken 4 | . . . . . 1 . . . 1 1 1 . Unknown Exits Taken 8 | 1 1 1 1 1 . 1 1 1 . . . . Scrap Searched 10 | . . 1 . 2 . . . 4 . 2 1 . Spaces Dug 56 | . . . . . . 16 2 . 4 . . 34 Terrain Destroyed 106 | . . . . . 23 33 2 . 7 . . 41 Melee 39 | . . . . . . 1 . . 4 . . 34 Projectile 21 | . . . . . 10 2 2 . 3 . . 4 AOE 43 | . . . . . 13 30 . . . . . . Terrain Rammed . | . . . . . . . . . . . . . Walls Destroyed . | . . . . . . . . . . . . . Machines Disabled . | . . . . . . . . . . . . . Actions | -11 -10 -10 -10 -9 -8 -8 -8 -8 -6 -6 -6 -5 --------- Run | Yrd Mat Min Exi Min Mat Sto Rec Scr Fac Low Low Fac Total 9122 | 133 1254 363 450 75 1170 557 494 1414 939 266 190 1817 Wait 768 | 4 140 19 . . 226 92 14 . 84 2 6 181 Move 7565 | 107 979 331 447 66 782 390 462 1398 711 254 162 1476 Hop . | . . . . . . . . . . . . . Pick Up 61 | 5 10 1 . . 12 2 . 5 11 2 4 9 Fast Attach 67 | 6 5 . . 2 16 6 1 1 7 1 1 21 Attach 51 | . 3 . . . 8 3 . . 19 2 7 9 Detach 24 | . 1 . . . 5 5 . 1 4 2 2 4 Swap 70 | . 11 5 2 2 16 16 1 4 8 . 1 4 Drop 55 | . 9 3 1 2 19 7 . 5 3 . . 6 Fire 376 | 11 95 4 . 3 86 35 16 . 68 3 7 48 Melee 77 | . 1 . . . . 1 . . 16 . . 59 Ram . | . . . . . . . . . . . . . Kick . | . . . . . . . . . . . . . Crush . | . . . . . . . . . . . . . Escape Stasis 8 | . . . . . . . . . 8 . . . Rewire . | . . . . . . . . . . . . . Trap . | . . . . . . . . . . . . . Miscellaneous . | . . . . . . . . . . . . . Route ------- -11/Scrapyard -10/Materials (discovered 4 exits: [*Mat x3] / *Min) -10/Mines (discovered 3 exits: [*Mat x2] / *Exi) -10/Exiles -9/Mines -8/Materials (discovered 2 exits: [*Fac] / *Sto) -8/Storage (discovered 2 exits: [*Fac] / *Rec) -8/Recycling (discovered 2 exits: *Fac / *Scr) -8/Scraptown (discovered 2 exits: *Fac x2) -6/Factory (discovered 3 exits: Fac x2 / *Low) -6/Lower Caves -6/Lower Caves (discovered 2 exits: *Fac / Zio) -5/Factory (discovered 3 exits: *Fac x2 / *Upp) History --------- Turn | Location | Event 25 | -11/Scrapyard | Discovered new exit (range 15) 159 | -11/Scrapyard | Entered Materials 207 | -10/Materials | Discovered new exit (range 13) 303 | -10/Materials | Build established: Mutant 586 | -10/Materials | Discovered new exit (range 13) 697 | -10/Materials | Discovered new exit (range 6) 1109 | -10/Materials | Discovered new exit (range 16) 1214 | -10/Materials | Repaired Med. Laser 1592 | -10/Materials | Entered Mines 1609 | -10/Mines | Met a Derelict shopkeep closing up shop 1783 | -10/Mines | Discovered new exit (range 7) 1797 | -10/Mines | Discovered new exit (range 13) 1887 | -10/Mines | Discovered new exit (range 4) 1915 | -10/Mines | Deemed a non-threat by the Exiles lab entrance 1930 | -10/Mines | Entered Exiles 1930 | -10/Exiles | Found Exiles lab abandoned 1930 | -10/Exiles | Accompanied by 2 allies 1960 | -10/Exiles | Led the pair of lost Derelicts to a safe place 2322 | -10/Exiles | Discovered new exit (range 12) 2335 | -10/Exiles | Entered Mines 2340 | -9/Mines | Core integrity fell below 50% 2379 | -9/Mines | Discovered new exit (range 16) 2394 | -9/Mines | Assisted by bots powering up and referring to "LRC-V3" 2412 | -9/Mines | Entered Materials 2412 | -8/Materials | Accompanied by 3 allies 2412 | -8/Materials | Evolved 4 slots: Utility x4 2487 | -8/Materials | Garrison activated, responded to threat 2814 | -8/Materials | Repaired Pulse Rifle 2847 | -8/Materials | Repaired Arm. Wheel 2887 | -8/Materials | Repaired Hrd. Medium Armor Plating 3558 | -8/Materials | Identified exit to Storage 3571 | -8/Materials | Discovered new exit (range 14) 3777 | -8/Materials | Core integrity fell below 50% 3817 | -8/Materials | Entered Storage 3824 | -8/Storage | Lost 5 parts (2p3u) 4006 | -8/Storage | Repaired Hrd. Heavy Armor Plating 4074 | -8/Storage | Build established: Scavenger-Mutant 4111 | -8/Storage | Met a pair of Derelict thieves 4183 | -8/Storage | Destroyed 7 combat bots 4286 | -8/Storage | Discovered new exit (range 9) 4446 | -8/Storage | Discovered new exit (range 12) 4454 | -8/Storage | Used back door to open Recycling access 4477 | -8/Storage | Entered Recycling 4477 | -8/Recycling | Accompanied by 1 ally 4478 | -8/Recycling | Met a Zionite searching for Scraptown 4802 | -8/Recycling | Discovered new exit (range 5) 5082 | -8/Recycling | Scanned before Scraplab entrance 5099 | -8/Recycling | Entered Scraplab 5109 | -8/Recycling | Discovered new exit (range 2) 5112 | -8/Recycling | Entered Scraptown 5112 | -8/Scraptown | System corruption cleaned by C-Scrubber 5305 | -8/Scraptown | Heard Great Nut preacher, LISTEN AND RECITE! 5352 | -8/Scraptown | Discovered new exit (range 11) 5443 | -8/Scraptown | Received an X-ray algorithm 5500 | -8/Scraptown | Visited The Evicted 5525 | -8/Scraptown | Visited Symbiants 5533 | -8/Scraptown | Visited Spacefarers 5598 | -8/Scraptown | Visited Comm Corps 5929 | -8/Scraptown | Visited CR-KLE's Repair Center 5938 | -8/Scraptown | CR-KLE repaired 6 parts 5952 | -8/Scraptown | Visited Junk Repository 5994 | -8/Scraptown | Visited Cyclists 6014 | -8/Scraptown | Visited UFD Registry 6014 | -8/Scraptown | Registered with UFD as "Monomaster" 6051 | -8/Scraptown | Entered Cyclist Reading Room 6118 | -8/Scraptown | Visited Science Guys 6159 | -8/Scraptown | Visited Botcube Research 6209 | -8/Scraptown | Visited Research Penetration Think Tank 6248 | -8/Scraptown | Build established: Mutant 6286 | -8/Scraptown | Visited Curators Association 6358 | -8/Scraptown | Visited DA-N13 Charitable Foundation 6369 | -8/Scraptown | Found DCF Scrap (31 items) 6404 | -8/Scraptown | Visited Supply Room 6434 | -8/Scraptown | Visited Abandonware Association 6455 | -8/Scraptown | Learned abandonware demo "ERRANTS.EXE" 6485 | -8/Scraptown | Visited Sword Containment 6508 | -8/Scraptown | Visited LU-1G1's Boring Crew 6558 | -8/Scraptown | Visited Cartography Club 6644 | -8/Scraptown | Learned location of Upper Caves (-5) 6644 | -8/Scraptown | Learned location of Proximity Caves (-4) 6644 | -8/Scraptown | Learned location of Cetus (-4) 6644 | -8/Scraptown | Learned 12 Materials zone layouts 6644 | -8/Scraptown | Learned 16 Materials zone layouts 6644 | -8/Scraptown | Learned 12 Factory zone layouts 6644 | -8/Scraptown | Learned 4 Mines zone layouts 6644 | -8/Scraptown | Learned 8 Lower Caves zone layouts 6644 | -8/Scraptown | Learned 20 Lower Caves zone layouts 6644 | -8/Scraptown | Learned 16 Upper Caves zone layouts 6644 | -8/Scraptown | Learned 24 Upper Caves zone layouts 6644 | -8/Scraptown | Learned Storage emergency access door positions 6644 | -8/Scraptown | Learned location of 3 exits from Lower Caves 6644 | -8/Scraptown | Learned location of 2 exits from Upper Caves 6813 | -8/Scraptown | Met Optimus 6813 | -8/Scraptown | Accepted into 0bPrime 6873 | -8/Scraptown | Discovered new exit (range 3) 6875 | -8/Scraptown | Entered Factory 6875 | -6/Factory | Evolved 4 slots: Utility x3, Weapon x1 6876 | -6/Factory | Identified exit to Factory 7275 | -6/Factory | Loaded intel: 8 recycling unit locations 7289 | -6/Factory | Build established: Hacker-Assassin 7416 | -6/Factory | Lost 3 parts (1p1n1u) 7892 | -6/Factory | Core integrity fell below 50% 7918 | -6/Factory | Lost 12 parts (2p2n3u5w) 8035 | -6/Factory | Garrison activated, responded to threat 8071 | -6/Factory | Discovered new exit (range 4) 8074 | -6/Factory | Identified exit to Lower Caves 8210 | -6/Factory | Learned location of Protoforge (-2) 8224 | -6/Factory | Entered Lower Caves 8225 | -6/Lower Caves | Identified exit to Lower Caves 8427 | -6/Lower Caves | Build established: Scavenger-Skirmisher 8591 | -6/Lower Caves | Spotted B-75 Beast 8594 | -6/Lower Caves | Entered another Lower Caves area 8595 | -6/Lower Caves | Identified exit to Zion 8645 | -6/Lower Caves | Lost 4 parts (1p1n2w) 8891 | -6/Lower Caves | Entered Factory 8891 | -5/Factory | Evolved 2 slots: Propulsion x1, Utility x1 9172 | -5/Factory | Build established: Scavenger-Assassin 9198 | -5/Factory | Garrison activated, responded to threat 9443 | -5/Factory | Loaded intel: 8 recycling unit locations 9584 | -5/Factory | Discovered new exit (range 17) 9688 | -5/Factory | Identified exit to Upper Caves 9913 | -5/Factory | Core integrity fell below 50% 9942 | -5/Factory | Lost 10 parts (1p3n3u3w) 10189 | -5/Factory | Discovered new exit (range 5) 10190 | -5/Factory | Identified exit to Factory 10216 | -5/Factory | Spotted B-75 Beast 10268 | -5/Factory | Discovered exit to Factory (range 15) 10301 | -5/Factory | Build established: Hacker-Mutant 10435 | -5/Factory | Core integrity fell below 20% 10466 | -5/Factory | Lost 3 parts (1p1n1u) 10614 | -5/Factory | Fabricated Imp. Terrain Scanner (x2) 10691 | -5/Factory | Search patrols dispatched 10730 | -5/Factory | Destroyed by P-70 Sage with Tesla Rifle Last Messages --------------- UFD!MEMBER UFD!NETWORK<201> UFD!RESOURCES<62> 0bP!READINESS UFD!SANITIZING UFD!... 10627_ ALERT: Suspicious activity at Recycling Unit F008. Dispatching Investigation squad. 10691_ ALERT: Heightened foreign activity detected, multiple search patrols dispatched. 10705_ Imp. KE Penetrator destroyed. 10713_ Imp. Terrain Scanner destroyed. 10714_ Imp. Targeting Computer destroyed. 10715_ Lgt. Nuclear Core destroyed. 10716_ Manufacturing Mainframe disabled. 10719_ G-50 Soldier destroyed. 10730_ Hyp. Gauss Cannon destroyed. 10730_ Imp. Corruption Screen intercepted 1% system corruption. [Achievement: I Was Wrong!] Map ----- +----------------------------------------------------+ | # ^ " Y" | | ! # ^ ^ """^ "" | | ! + !! """ "" ^ | | # !! "F " " " ######### | | # ^ ^!! " #????# | | # #????# | | # = ###?## | | # ##?### | | # ###########+############ | | ##### # + + | | ????# # ! ##### | | ????# # #??## | | ????+ # """" """" #?### | | ????# """""" # """" """" #?#?# | | ????# """""" # """" """" " " #??###"# | | ????# "?"""" # " "" """" ""R"" ##?#### | | ????? ?"?""" # % """"" ##?#### | | ????? ""?""" ####g#################?### | | ????? ???? """""" gg #??####?####?#?#?## | | ???????????? ""?""" #??##?############# | | ???????????? """""" #???#### / | | ?????????? """""" ######## # | | ????????? #??##?## # | | ????????? ######?# ?? ?# | | ?????????????# ######## ? # | | ?????????????#####+######@ p # ? ?? # | | ?????????????? ??? ?## #?? ? # | | ??????????????? ?? ## p ?## | | ??????????????????? ? ??# # ????#? | | ????????????????? ? ???# #??? ??????# | | ?????????????????????? ### ####### #?????? ?#? | | ????????????????????? #?# ###?????#?? ????? #? | | ?????????????????????????# #?????????? ??? ? ?## | | ?????????????????????????# #?????? ??? ?? ?????? | | ??????????!?????????????? #???????#?????? ???? | | ?????????????????????????##+##????????????????##?? | | ?????????????????????????????????????????#?#?#??#? | | ???????????????????????????????????????????????##? | | ?????????????????????????????????????????????????? | | ???????????????????????????????????????????????#?? | | ?????????????????????????????????????????????????? | | ?????????????????????????????????????????????????? | | ?????????????????????????????????????????????????? | | | | | | | | | | | | | | | +----------------------------------------------------+ Best States ------------- Heat Dissipation 67 Energy Generation 25 Energy Capacity 315 Matter Stores 300 Matter Capacity 300 Sight Range 16 Robot Scan Range 15 Terrain Scan Range 20 Terrain Scan Density 310 Base Temperature (-) 100 EM Shielding 2 Corruption Block 15 Armor Coverage 600 Evasion (%) 62 Targeting Accuracy 14 Recoil Reduction 2 Particle Charging 15 Offensive Hacking 42 Authchip Count 1 Item Schematics ----------------- Imp. Terrain Scanner | -8/Materials | Scanalyzed Adv. Signal Interpreter | -6/Factory | Scanalyzed Robot Schematics ------------------ None Fabricated ------------ Imp. Terrain Scanner | x2 | -5/Factory | Authchip Repaired ---------- Med. Laser | 54% | -10/Materials Pulse Rifle | 52% | -8/Materials Arm. Wheel | 30% | -8/Materials Hrd. Medium Armor Plating | 43% | -8/Materials Hrd. Heavy Armor Plating | 22% | -8/Storage Alien Tech Used ----------------- None Achievements -------------- I Was Wrong! Challenges ------------ None Game ------ Seed LinkedAuthchipPerforator Manual? 0 Play Time 02:12:03 Cumulative 225.0 hours Start 2025.05.27 @ 17:37:50 End 2025.05.27 @ 19:50:03 Sessions 1 Manual Loads 0 Difficulty Rogue Special Mode None Game No. 175 Rogue 175 Adventurer 0 Explorer 0 Win Type - Total 6 Types 4/0/1/1/0/0/0/0/0/0 Lore% 75 Gallery% 67 Achievement% 56 Wizard Run 0 Options --------- Layout 2 ASCII 0 Keyboard 0 Movement Numpad Keybinds 0 Fullscreen 2 Font 16/Terminus Map View 55x47 Zoom Use 0% Tactical HUD 1 Map Filters NONE Filters NONE Steam 1 RUN: ab21fe43-d5ce-413b-9bb7-75df10dc16ed